 Dungeon Crawl Stone Soup version 0.31-a0-152-g6aa68a64a1 (webtiles) character file.

Game seed: 9946211100837196716

14 qw the Shooter (level 2, -4/25 HPs)
             Began as a Minotaur Hunter on June 10, 2023.
             Slain by a gnoll
             ... wielding a +0 spear
              (7 damage)
             ... on level 1 of the Dungeon.
             The game lasted 00:00:07 (218 turns).

qw the Shooter (Minotaur Hunter)                     Turns: 218, Time: 00:00:08

Health: -4/25      AC:  3    Str: 15    XL:     2   Next: 31%
Magic:  1/1        EV: 12    Int:  6    God:
Gold:   13         SH:  0    Dex: 13    Spells: 1/1 levels left

rFire   . . .        a - +0 shortbow
rCold   . . .        (shield currently unavailable)
rNeg    . . .        c - +0 leather armour
rPois   .            (helmet restricted)
rElec   .            (no cloak)
rCorr   .            (no gloves)
SInv    .            (no boots)
Will    .....        (no amulet)
Stlth   +            (no ring)
HPRegen 0.24/turn    (no ring)
MPRegen 0.07/turn

%: no passive effects
@: no status effects
A: horns 2, retaliatory headbutt
a: no special abilities


You were on level 1 of the Dungeon.
You visited 1 branch of the dungeon, and saw 1 of its levels.

You collected 13 gold pieces.


Innate Abilities, Weirdness & Mutations

You have a pair of horns on your head.
You reflexively headbutt those who attack you in melee.


   Skills:
 + Level 2.6 Fighting
 - Level 5.0 Ranged Weapons
 - Level 2.1 Dodging
 - Level 0.7 Stealth


You had one spell level left.
You didn't know any spells.
Your spell library was empty.

Inventory:

Hand Weapons
 a - a +0 shortbow (weapon)
Armour
 c - a +0 leather armour (worn)
Scrolls
 b - a scroll of butterflies
 f - a scroll of teleportation {unknown}
Potions
 d - a potion of might {unknown}
 e - 2 potions of haste {unknown}

Dungeon Overview and Level Annotations

Branches:
Dungeon (1/15)

Altars:


Message History

You kill the goblin!
You hear a shout!
You shoot an arrow.
The arrow barely misses the giant cockroach.
A kobold comes into view. It is wielding a +0 whip.
The kobold moves out of view.
You shoot an arrow.
The arrow hits the giant cockroach but does no damage.
The giant cockroach closely misses you.
You shoot an arrow.
The arrow barely misses the giant cockroach.
The arrow hits the gnoll but does no damage.
The giant cockroach barely misses you.
You shoot an arrow.
The arrow barely misses the giant cockroach.
The arrow hits the gnoll.
The gnoll is lightly wounded.
The giant cockroach closely misses you.
The gnoll hits you from afar with a +0 spear.
The giant cockroach bites you.
You shoot an arrow. The arrow hits the giant cockroach.
You kill the giant cockroach!
The gnoll hits you from afar with a +0 spear.
You shoot an arrow. The arrow barely misses the gnoll.
The gnoll barely misses you.
You shoot an arrow. The arrow completely misses the gnoll.
The gnoll hits you from afar with a +0 spear.
The kobold completely misses you.
The gnoll hits you from afar with a +0 spear.
You shoot an arrow. The arrow hits the kobold.
You kill the kobold!
The gnoll hits you from afar with a +0 spear.
You shoot an arrow.
The arrow hits the gnoll but does no damage.
The gnoll is lightly wounded.
The gnoll closely misses you.
You shoot an arrow. The arrow hits the gnoll.
The gnoll is moderately wounded.
The gnoll hits you from afar with a +0 spear!
You die...

#.# ... #.# ... #.# ....
#.# ..... #.#
...).####### #.#
...........###.#########
.............)...>......
......)@...###.##.#####.
...........# #.##.# #.
.....g...### #.##.# #.
#...)....# #.##.# #.
.....##### #.##.# #.
..... #.##.# #. ....
#.##.# #. .... #.##.# #.
.. #.# #.


You could see a gnoll.

Vanquished Creatures
  2 endoplasms (D:1)
  A giant cockroach (D:1)
  3 goblins (D:1)
  A ball python (D:1)
  2 frilled lizards (D:1)
  3 kobolds (D:1)
  3 rats (D:1)
15 creatures vanquished.

Notes
Turn   | Place    | Note
-------+----------+-------------------------------------------
     0 | D:1      | qw the Minotaur Hunter began the quest for the Orb.
     0 | D:1      | Reached XP level 1. HP: 18/18 MP: 0/0
     0 | D:1      | 0 ||| qw: Version: 0.2-a-122-gbc61b45
     0 | D:1      | 0 ||| qw: Game counter: 3589
     0 | D:1      | 0 ||| qw: Always use a shield: true
     0 | D:1      | 0 ||| qw: God list: Okawaru
     0 | D:1      | 0 ||| qw: Allow faded altars: false
     0 | D:1      | 0 ||| qw: Do Orc after D:15 true
     0 | D:1      | 0 ||| qw: Do second Lair branch before Depths: true
     0 | D:1      | 0 ||| qw: Lair rune preference: random
     0 | D:1      | 0 ||| qw: Plans: Normal
     0 | D:1      | 0 ||| PLANNING D:1-11
   184 | D:1      | Reached XP level 2. HP: 25/25 MP: 1/1
   203 | D:1      | Reached skill level 5 in Ranged Weapons
   216 | D:1      | HP: 2/25 [gnoll/+0 spear (6)]
   218 | D:1      | Slain by a gnoll

Levels and vault maps discovered:
D:1:      denvon_arrival_planthouse, layout_basic

Skill      XL: |  1  2 |
---------------+-------+-----
Ranged Weapons | 5 |  5.0
Fighting       | |  2.6
Dodging        | |  2.1
Stealth        | |  0.7

Action                     || total
---------------------------++-------
   Fire: Shortbow          ||    39
 Armour: Leather armour    ||     1
  Dodge: Dodged            ||     6

Table legend:
 A = Non-vault XP
 B = Vault XP
 C = Vault XP percentage of total XP
 D = Non-vault monster count
 E = Vault monster count
 F = Vault count percentage of total count
                 A         B        C        D         E       F
            +---------+---------+-------+---------+---------+-------
      Total |      21 |       0 |   0.0 |      15 |       0 |   0.0
            +---------+---------+-------+---------+---------+-------
        D:1 |      21 |       0 |   0.0 |      15 |       0 |   0.0
            +---------+---------+-------+---------+---------+-------
